[ AOE2 MATCH · #471042985 ]
UnrankedLithuanians vs Ethiopians
[ REPLAY ANALYSIS · EXTRACTED FROM THE RECORDED GAME ]
Feudal
10:48
Castle
14:40
Imperial
34:24
| APM avg | 21.6 |
| APM peak | 44 |
| eAPM avg | 14.5 |
| Villagers / military | 133 / 107 |
Focus
⚔️ 21.5% · 🌾 78.5%
Knight ×103 · Monk ×2 · Trebuchet (Packed) ×2 · Fishing Ship ×1
Feudal
8:53
Castle
22:12
Imperial
—
| APM avg | 31.9 |
| APM peak | 101 |
| eAPM avg | 15.0 |
| Villagers / military | 54 / 42 |
Focus
⚔️ 46.3% · 🌾 53.7%
Archer ×40 · Militia ×2
Feudal
11:21
Castle
21:59
Imperial
—
| APM avg | 38.5 |
| APM peak | 77 |
| eAPM avg | 15.7 |
| Villagers / military | 53 / 83 |
Focus
⚔️ 39.8% · 🌾 60.2%
Skirmisher ×57 · Archer ×26 · Fishing Ship ×1
Feudal
10:19
Castle
18:44
Imperial
32:42
| APM avg | 31.3 |
| APM peak | 75 |
| eAPM avg | 19.5 |
| Villagers / military | 110 / 126 |
Focus
⚔️ 39.8% · 🌾 60.2%
Mangudai ×96 · Fishing Ship ×36 · Battering Ram ×16 · Galley ×9 · Monk ×2 · Trebuchet (Packed) ×2
Feudal
10:25
Castle
20:33
Imperial
—
| APM avg | 38.6 |
| APM peak | 75 |
| eAPM avg | 19.5 |
| Villagers / military | 84 / 102 |
Focus
⚔️ 31.4% · 🌾 68.6%
Archer ×60 · Militia ×29 · Organ Gun ×4 · Mangonel ×3 · Fishing Ship ×3 · Monk ×2
Feudal
9:49
Castle
20:09
Imperial
35:25
| APM avg | 62.3 |
| APM peak | 122 |
| eAPM avg | 32.4 |
| Villagers / military | 184 / 185 |
Focus
⚔️ 36.6% · 🌾 63.4%
Knight ×166 · Fishing Ship ×31 · Scout Cavalry ×11 · Camel Scout ×8
Feudal
11:04
Castle
24:34
Imperial
—
| APM avg | 50.0 |
| APM peak | 113 |
| eAPM avg | 21.3 |
| Villagers / military | 83 / 117 |
Focus
⚔️ 34.3% · 🌾 65.7%
Archer ×103 · Spearman ×7 · Skirmisher ×7 · Fishing Ship ×7
Feudal
11:44
Castle
16:06
Imperial
40:05
| APM avg | 26.1 |
| APM peak | 56 |
| eAPM avg | 13.3 |
| Villagers / military | 111 / 87 |
Focus
⚔️ 35.5% · 🌾 64.5%
Knight ×56 · Skirmisher ×26 · Fishing Ship ×5 · Monk ×3 · Scout Cavalry ×2
Match map
Initial resources + every placement click. Lines = walls · curves = elevation contours. ◆ gold · ⬟ stone · ● berries · ✦ relic · ◌ wall gap
Your base· Open — unwalled flank
Charles V's base
CurryandC4's base· Open — unwalled flank
sneakysquirrel's base· Open — unwalled flank
slapstickisfunny's base· Open — unwalled flank
Dekodie's base· Open — unwalled flank
鱼儿长了鱼尾纹's base· Open — 13t gap
Alex's base· Open — unwalled flank
Smoothed initial terrain · ◌ = detected wall gap · hover for details
Inputs per minute
— vestiaire de foutre - - Charles V
Build order — vestiaire de foutre
First 150 of 350 actions detected
| 0:01 | Create | Villager (Male) ×5 |
| 0:02 | Build | House |
| 0:04 | Build | House |
| 0:36 | Create | Villager (Male) |
| 0:36 | Create | Villager (Male) |
| 0:36 | Create | Villager (Male) |
| 1:42 | Create | Villager (Male) |
| 1:46 | Build | Lumber Camp |
| 2:12 | Create | Villager (Male) |
| 2:21 | Create | Villager (Male) |
| 2:22 | Create | Villager (Male) |
| 2:46 | Create | Villager (Male) |
| 3:28 | Create | Villager (Male) |
| 3:49 | Build | House |
| 4:14 | Create | Villager (Male) |
| 4:32 | Build | Dock |
| 4:53 | Create | Villager (Male) |
| 5:24 | Create | Fishing Ship |
| 5:26 | Build | House |
| 5:28 | Create | Villager (Male) |
| 5:45 | Create | Villager (Male) |
| 5:50 | Create | Villager (Male) |
| 6:00 | Build | Mill |
| 6:45 | Create | Villager (Male) |
| 6:46 | Create | Villager (Male) |
| 7:01 | Create | Villager (Male) |
| 7:52 | Create | Villager (Male) |
| 8:08 | Build | Mining Camp |
| 8:38 | Research | Feudal Age |
| 8:38 | Research | Feudal Age |
| 8:38 | Research | Feudal Age |
| 9:16 | Build | Barracks |
| 9:56 | Create | Villager (Male) |
| 9:56 | Create | Villager (Male) |
| 10:06 | Build | House |
| 10:48 | Age | Feudal Age |
| 10:52 | Build | Blacksmith |
| 11:06 | Build | Stable |
| 12:00 | Research | Castle Age |
| 12:42 | Build | House |
| 12:43 | Build | House |
| 13:05 | Research | Double-Bit Axe |
| 13:54 | Research | Loom |
| 14:18 | Create | Villager (Male) |
| 14:19 | Create | Villager (Male) |
| 14:40 | Age | Castle Age |
| 15:04 | Build | Town Center |
| 15:28 | Build | Town Center |
| 15:35 | Research | Bow Saw |
| 15:41 | Build | House |
| 15:42 | Build | House |
| 15:45 | Create | Villager (Male) |
| 16:18 | Build | Mill |
| 16:24 | Create | Villager (Male) |
| 16:35 | Build | House |
| 16:38 | Build | Palisade Wall |
| 16:41 | Build | Palisade Wall |
| 16:49 | Create | Villager (Male) |
| 17:05 | Build | Farm |
| 17:17 | Create | Villager (Male) |
| 17:17 | Create | Villager (Male) |
| 17:20 | Build | Farm |
| 17:33 | Build | Monastery |
| 17:36 | Create | Villager (Male) |
| 17:36 | Create | Villager (Male) |
| 17:44 | Build | Farm |
| 17:48 | Create | Villager (Male) |
| 17:54 | Create | Villager (Male) |
| 17:54 | Create | Villager (Male) |
| 17:54 | Create | Villager (Male) |
| 17:58 | Build | Farm |
| 17:59 | Build | Farm |
| 17:59 | Build | Farm |
| 18:05 | Build | Farm |
| 18:14 | Build | Lumber Camp |
| 18:18 | Create | Monk |
| 18:25 | Build | Farm |
| 18:28 | Create | Villager (Male) |
| 18:28 | Create | Villager (Male) |
| 18:31 | Build | Farm |
| 18:42 | Build | Palisade Wall |
| 18:45 | Build | Palisade Wall |
| 18:49 | Create | Villager (Male) |
| 18:49 | Create | Villager (Male) |
| 19:05 | Create | Villager (Male) |
| 19:05 | Create | Villager (Male) |
| 19:08 | Build | Farm |
| 19:08 | Build | Farm |
| 19:16 | Build | Farm |
| 19:31 | Build | Farm |
| 19:34 | Create | Villager (Male) |
| 19:34 | Create | Villager (Male) |
| 19:35 | Create | Villager (Male) |
| 19:36 | Build | Farm |
| 19:45 | Build | House |
| 19:50 | Create | Villager (Male) |
| 19:50 | Create | Villager (Male) |
| 19:54 | Build | Farm |
| 19:55 | Build | Farm |
| 19:55 | Build | Farm |
| 19:55 | Build | Farm |
| 19:58 | Build | Farm |
| 20:04 | Create | Villager (Male) |
| 20:04 | Create | Villager (Male) |
| 20:12 | Build | Farm |
| 20:17 | Research | Horse Collar |
| 20:26 | Create | Villager (Male) |
| 20:27 | Create | Villager (Male) |
| 20:27 | Create | Villager (Male) |
| 20:35 | Create | Villager (Male) |
| 20:35 | Create | Villager (Male) |
| 20:39 | Build | Farm |
| 20:56 | Research | Wheelbarrow |
| 20:56 | Research | Wheelbarrow |
| 21:03 | Create | Villager (Male) |
| 21:03 | Create | Villager (Male) |
| 21:04 | Create | Villager (Male) |
| 21:06 | Build | House |
| 21:26 | Create | Villager (Male) |
| 21:26 | Create | Villager (Male) |
| 21:26 | Create | Villager (Male) |
| 21:33 | Build | Farm |
| 21:39 | Build | House |
| 21:47 | Build | Mill |
| 21:48 | Build | Farm |
| 21:48 | Build | Farm |
| 21:48 | Build | Farm |
| 21:48 | Build | Farm |
| 21:49 | Build | Farm |
| 21:49 | Build | Farm |
| 21:54 | Build | Lumber Camp |
| 21:56 | Create | Villager (Male) |
| 21:56 | Create | Villager (Male) |
| 21:59 | Build | Farm |
| 22:06 | Create | Villager (Male) |
| 22:06 | Create | Villager (Male) |
| 22:08 | Build | House |
| 22:26 | Build | Stable |
| 22:29 | Research | Scale Barding Armor |
| 22:32 | Create | Knight |
| 22:32 | Create | Knight |
| 22:37 | Create | Villager (Male) |
| 22:38 | Create | Villager (Male) |
| 22:48 | Create | Villager (Male) |
| 22:48 | Create | Villager (Male) |
| 23:09 | Create | Villager (Male) |
| 23:09 | Create | Villager (Male) |
| 23:14 | Create | Knight |
| 23:14 | Create | Knight |
| 23:21 | Build | Mining Camp |
Build order — Charles V
First 150 of 168 actions detected
| 0:02 | Create | Villager (Male) ×4 |
| 0:02 | Create | Villager (Male) ×4 |
| 0:04 | Build | House |
| 0:05 | Build | House |
| 1:31 | Create | Villager (Male) |
| 1:31 | Create | Villager (Male) |
| 1:44 | Create | Villager (Male) |
| 1:45 | Create | Villager (Male) |
| 2:06 | Build | Lumber Camp |
| 2:23 | Create | Villager (Male) |
| 2:23 | Create | Villager (Male) |
| 2:48 | Create | Villager (Male) |
| 2:49 | Create | Villager (Male) |
| 3:14 | Create | Villager (Male) |
| 3:31 | Build | House |
| 3:39 | Create | Villager (Male) |
| 3:39 | Create | Villager (Male) |
| 4:00 | Build | Mining Camp |
| 4:08 | Create | Villager (Male) |
| 4:08 | Create | Villager (Male) |
| 4:09 | Create | Villager (Male) |
| 4:17 | Build | Palisade Wall |
| 4:29 | Create | Villager (Male) |
| 5:13 | Create | Villager (Male) |
| 5:17 | Create | Villager (Male) |
| 6:18 | Research | Loom |
| 6:19 | Research | Loom |
| 6:39 | Research | Feudal Age |
| 6:39 | Research | Feudal Age |
| 7:15 | Build | Barracks |
| 7:29 | Build | House |
| 7:35 | Build | Palisade Wall |
| 7:55 | Create | Villager (Male) |
| 8:53 | Age | Feudal Age |
| 8:55 | Build | Archery Range |
| 8:57 | Build | Archery Range |
| 9:10 | Build | Blacksmith |
| 9:23 | Create | Villager (Male) |
| 9:44 | Build | House |
| 9:50 | Build | House |
| 9:54 | Create | Archer |
| 9:54 | Create | Archer |
| 9:59 | Build | House |
| 10:02 | Build | House |
| 10:02 | Build | Palisade Wall |
| 10:06 | Create | Archer |
| 10:07 | Create | Archer |
| 10:07 | Create | Villager (Male) |
| 10:13 | Research | Fletching |
| 10:13 | Research | Fletching |
| 10:36 | Create | Archer |
| 10:36 | Create | Archer |
| 10:49 | Build | House |
| 10:52 | Build | Palisade Wall |
| 11:15 | Create | Archer |
| 11:16 | Create | Archer |
| 11:22 | Create | Villager (Male) |
| 11:22 | Create | Villager (Male) |
| 11:23 | Create | Villager (Male) |
| 11:23 | Create | Villager (Male) |
| 11:41 | Create | Archer |
| 11:41 | Create | Archer |
| 11:41 | Create | Villager (Male) |
| 11:41 | Create | Villager (Male) |
| 12:07 | Create | Archer |
| 12:07 | Create | Archer |
| 12:27 | Create | Archer |
| 12:27 | Create | Archer |
| 12:41 | Create | Archer |
| 12:41 | Create | Archer |
| 12:52 | Create | Villager (Male) |
| 12:52 | Create | Villager (Male) |
| 12:52 | Create | Villager (Male) |
| 13:11 | Build | Mill |
| 13:12 | Create | Villager (Male) |
| 13:43 | Create | Archer |
| 13:44 | Create | Villager (Male) |
| 13:45 | Create | Villager (Male) |
| 14:15 | Create | Villager (Male) |
| 14:24 | Create | Villager (Male) |
| 14:24 | Create | Villager (Male) |
| 14:29 | Create | Archer |
| 14:29 | Create | Archer |
| 14:29 | Create | Archer |
| 14:32 | Build | Mill |
| 15:05 | Create | Archer |
| 15:05 | Create | Archer |
| 15:07 | Create | Villager (Male) |
| 15:25 | Build | Farm |
| 15:26 | Research | Double-Bit Axe |
| 15:27 | Research | Double-Bit Axe |
| 15:27 | Research | Double-Bit Axe |
| 15:53 | Create | Villager (Male) |
| 15:57 | Build | Palisade Gate |
| 15:59 | Build | Palisade Wall |
| 16:23 | Create | Villager (Male) |
| 16:24 | Build | Farm |
| 16:24 | Build | Farm |
| 16:24 | Build | Farm |
| 16:25 | Build | Farm |
| 16:25 | Build | Farm |
| 16:27 | Build | House |
| 16:27 | Build | House |
| 16:51 | Create | Villager (Male) |
| 16:53 | Build | Farm |
| 16:54 | Create | Villager (Male) |
| 17:25 | Create | Villager (Male) |
| 17:48 | Create | Villager (Male) |
| 18:02 | Build | Palisade Wall |
| 18:02 | Create | Villager (Male) |
| 18:05 | Build | Palisade Wall |
| 18:08 | Build | Palisade Wall |
| 18:11 | Build | Palisade Gate |
| 18:25 | Build | House |
| 18:28 | Build | House |
| 18:31 | Build | House |
| 18:37 | Build | House |
| 18:40 | Build | House |
| 18:47 | Build | Market |
| 18:58 | Create | Villager (Male) |
| 19:30 | Build | Archery Range |
| 19:32 | Research | Castle Age |
| 19:32 | Research | Castle Age |
| 19:35 | Create | Archer |
| 19:36 | Create | Archer |
| 19:39 | Create | Archer |
| 19:58 | Research | Gold Mining |
| 19:58 | Research | Gold Mining |
| 20:02 | Build | Lumber Camp |
| 20:09 | Create | Archer |
| 20:15 | Create | Archer |
| 20:15 | Create | Archer |
| 20:32 | Build | Farm |
| 20:35 | Build | Farm |
| 20:37 | Create | Archer |
| 20:44 | Create | Archer |
| 21:03 | Create | Archer |
| 21:03 | Create | Archer |
| 21:03 | Create | Archer |
| 21:23 | Create | Archer |
| 21:58 | Build | Palisade Gate |
| 22:05 | Create | Villager (Male) |
| 22:12 | Age | Castle Age |
| 22:15 | Research | Crossbowman (upgrade) |
| 22:20 | Research | Bodkin Arrow |
| 22:20 | Research | Bodkin Arrow |
| 22:21 | Research | Bodkin Arrow |
| 22:34 | Create | Archer |
| 22:34 | Create | Archer |
| 22:51 | Create | Archer |
Build order — CurryandC4
First 150 of 173 actions detected
| 0:03 | Create | Villager (Male) |
| 0:04 | Create | Villager (Male) |
| 0:04 | Create | Villager (Male) |
| 0:05 | Build | House |
| 0:08 | Build | House |
| 0:28 | Create | Villager (Male) |
| 1:31 | Create | Villager (Male) |
| 2:12 | Create | Villager (Male) |
| 2:12 | Create | Villager (Male) |
| 2:28 | Create | Villager (Male) |
| 3:01 | Build | Lumber Camp |
| 3:08 | Create | Villager (Male) |
| 3:08 | Create | Villager (Male) |
| 3:52 | Create | Villager (Male) |
| 4:15 | Build | House |
| 4:27 | Create | Villager (Male) |
| 4:27 | Create | Villager (Male) |
| 4:34 | Build | Mill |
| 5:09 | Create | Villager (Male) |
| 5:10 | Create | Villager (Male) |
| 5:10 | Create | Villager (Male) |
| 5:49 | Build | Dock |
| 6:35 | Build | House |
| 6:37 | Build | Palisade Wall |
| 6:46 | Create | Villager (Male) |
| 6:47 | Create | Villager (Male) |
| 6:47 | Create | Villager (Male) |
| 6:47 | Create | Villager (Male) |
| 7:02 | Create | Fishing Ship |
| 7:22 | Create | Villager (Male) |
| 8:19 | Build | Mining Camp |
| 8:43 | Research | Loom |
| 8:52 | Research | Feudal Age |
| 8:52 | Research | Feudal Age |
| 9:47 | Build | Barracks |
| 9:52 | Build | House |
| 10:10 | Build | House |
| 11:21 | Age | Feudal Age |
| 11:30 | Build | Watch Tower |
| 11:40 | Build | Archery Range |
| 12:05 | Create | Villager (Male) |
| 13:41 | Build | Archery Range |
| 14:33 | Build | Archery Range |
| 14:52 | Create | Villager (Male) |
| 14:53 | Create | Villager (Male) |
| 14:53 | Create | Villager (Male) |
| 15:33 | Create | Archer |
| 15:33 | Create | Archer |
| 15:33 | Create | Archer |
| 15:48 | Create | Archer |
| 15:48 | Create | Archer |
| 15:49 | Create | Archer |
| 15:49 | Create | Archer |
| 16:02 | Create | Villager (Male) |
| 16:03 | Create | Villager (Male) |
| 16:12 | Build | Mill |
| 16:32 | Research | Double-Bit Axe |
| 16:32 | Research | Double-Bit Axe |
| 18:22 | Build | Blacksmith |
| 19:19 | Research | Castle Age |
| 19:19 | Research | Castle Age |
| 19:34 | Build | Archery Range |
| 20:02 | Build | House |
| 20:07 | Build | Outpost |
| 20:12 | Create | Archer ×2 |
| 20:12 | Create | Archer ×2 |
| 20:36 | Build | Outpost |
| 20:49 | Create | Archer ×2 |
| 20:53 | Research | Fletching |
| 20:54 | Research | Fletching |
| 21:15 | Build | Market |
| 21:24 | Create | Archer ×2 |
| 21:59 | Age | Castle Age |
| 22:05 | Research | Crossbowman (upgrade) |
| 22:07 | Research | Bodkin Arrow |
| 22:57 | Create | Archer ×5 |
| 23:08 | Build | Town Center |
| 23:11 | Create | Villager (Male) |
| 23:11 | Create | Villager (Male) |
| 23:11 | Create | Villager (Male) |
| 23:11 | Create | Villager (Male) |
| 23:42 | Build | House |
| 23:45 | Build | House |
| 24:15 | Create | Archer ×2 |
| 24:34 | Build | University |
| 24:36 | Build | House |
| 24:56 | Create | Villager (Male) |
| 24:56 | Create | Villager (Male) |
| 24:57 | Create | Villager (Male) |
| 24:57 | Create | Villager (Male) |
| 24:57 | Create | Villager (Male) |
| 24:57 | Create | Villager (Male) |
| 25:04 | Build | Farm |
| 25:05 | Build | Farm |
| 25:05 | Build | Farm |
| 25:05 | Build | Farm |
| 25:06 | Build | Farm |
| 25:19 | Build | House |
| 25:25 | Create | Archer ×4 |
| 26:05 | Build | House |
| 26:06 | Build | House |
| 27:34 | Build | Town Center |
| 27:48 | Build | Farm |
| 27:52 | Build | Farm |
| 27:52 | Build | Farm |
| 28:08 | Create | Villager (Male) |
| 28:09 | Create | Villager (Male) |
| 28:09 | Create | Villager (Male) |
| 28:09 | Create | Villager (Male) |
| 28:10 | Create | Villager (Male) |
| 28:10 | Create | Villager (Male) |
| 28:42 | Build | Farm |
| 28:57 | Build | Farm |
| 29:02 | Create | Villager (Male) |
| 29:03 | Create | Villager (Male) |
| 29:03 | Create | Villager (Male) |
| 29:24 | Create | Skirmisher ×3 |
| 29:35 | Research | Elite Skirmisher (upgrade) |
| 29:45 | Create | Villager (Male) |
| 30:15 | Research | Ballistics |
| 30:20 | Create | Skirmisher ×2 |
| 30:20 | Create | Skirmisher ×2 |
| 30:34 | Create | Skirmisher |
| 30:50 | Create | Skirmisher ×3 |
| 30:50 | Create | Skirmisher ×3 |
| 30:57 | Create | Villager (Male) |
| 31:07 | Build | Castle |
| 31:15 | Create | Skirmisher ×2 |
| 31:15 | Create | Skirmisher ×2 |
| 31:35 | Build | Stone Wall |
| 31:47 | Build | Stone Wall |
| 32:03 | Research | Padded Archer Armor |
| 32:03 | Research | Padded Archer Armor |
| 32:08 | Create | Skirmisher ×2 |
| 32:19 | Build | Farm |
| 32:21 | Build | Farm |
| 32:21 | Build | Farm |
| 32:22 | Build | Farm |
| 32:36 | Build | Mining Camp |
| 32:55 | Create | Skirmisher ×2 |
| 32:55 | Create | Skirmisher ×2 |
| 33:25 | Create | Skirmisher ×4 |
| 33:33 | Build | Farm |
| 33:46 | Research | Leather Archer Armor |
| 33:46 | Research | Leather Archer Armor |
| 35:07 | Create | Skirmisher ×5 |
| 35:07 | Create | Skirmisher ×5 |
| 35:07 | Create | Skirmisher ×5 |
| 35:08 | Create | Skirmisher ×5 |
| 36:03 | Build | Farm |
Build order — sneakysquirrel
First 150 of 430 actions detected
| 0:01 | Create | Villager (Male) |
| 0:03 | Build | House |
| 0:04 | Build | House |
| 0:14 | Create | Villager (Male) |
| 0:14 | Create | Villager (Male) |
| 0:14 | Create | Villager (Male) |
| 1:27 | Create | Villager (Male) |
| 1:57 | Build | Lumber Camp |
| 2:00 | Create | Villager (Male) |
| 2:25 | Create | Villager (Male) |
| 2:47 | Create | Villager (Male) |
| 3:08 | Create | Villager (Male) |
| 3:25 | Build | House |
| 3:30 | Create | Villager (Male) |
| 3:46 | Create | Villager (Male) |
| 4:15 | Create | Villager (Male) |
| 4:17 | Build | Dock |
| 4:37 | Create | Villager (Male) |
| 4:44 | Build | House |
| 5:01 | Create | Villager (Male) |
| 5:02 | Create | Fishing Ship |
| 5:13 | Create | Villager (Male) |
| 5:32 | Create | Fishing Ship |
| 5:57 | Create | Fishing Ship |
| 6:16 | Create | Villager (Male) |
| 6:24 | Build | House |
| 6:26 | Create | Fishing Ship |
| 6:38 | Create | Villager (Male) |
| 6:58 | Create | Villager (Male) |
| 7:10 | Build | Lumber Camp |
| 7:19 | Create | Fishing Ship |
| 7:39 | Create | Villager (Male) |
| 8:06 | Build | Mining Camp |
| 8:09 | Research | Feudal Age |
| 8:09 | Research | Feudal Age |
| 8:43 | Build | House |
| 8:47 | Build | Dock |
| 8:50 | Create | Fishing Ship |
| 8:54 | Research | Loom |
| 8:55 | Create | Villager (Male) |
| 9:24 | Build | Dock |
| 10:19 | Age | Feudal Age |
| 10:23 | Create | Galley |
| 10:24 | Create | Galley |
| 10:24 | Create | Galley |
| 10:35 | Build | Blacksmith |
| 10:52 | Create | Villager (Male) |
| 10:54 | Create | Galley |
| 10:54 | Create | Galley |
| 10:57 | Research | Double-Bit Axe |
| 11:09 | Create | Villager (Male) |
| 11:16 | Create | Galley |
| 11:16 | Create | Galley |
| 11:20 | Build | House |
| 11:25 | Research | Fletching |
| 11:25 | Research | Fletching |
| 12:01 | Create | Galley |
| 12:01 | Create | Galley |
| 12:02 | Create | Villager (Male) |
| 12:06 | Create | Villager (Male) |
| 12:16 | Research | Tech 906 |
| 12:16 | Research | Tech 906 |
| 12:16 | Create | Villager (Male) |
| 12:22 | Build | Mill |
| 12:42 | Build | House |
| 12:46 | Build | House |
| 12:47 | Build | House |
| 13:14 | Create | Fishing Ship |
| 13:14 | Create | Fishing Ship |
| 13:15 | Create | Fishing Ship |
| 13:17 | Create | Villager (Male) |
| 13:34 | Build | Mining Camp |
| 14:06 | Create | Villager (Male) |
| 14:09 | Create | Villager (Male) |
| 14:12 | Create | Fishing Ship |
| 14:12 | Create | Fishing Ship |
| 14:12 | Create | Fishing Ship |
| 14:46 | Build | Market |
| 14:50 | Build | House |
| 14:57 | Build | Fish Trap |
| 14:58 | Create | Villager (Male) |
| 15:13 | Create | Villager (Male) |
| 15:24 | Build | House |
| 15:35 | Create | Fishing Ship |
| 15:39 | Create | Fishing Ship |
| 15:43 | Create | Fishing Ship |
| 16:04 | Research | Castle Age |
| 16:22 | Build | Fish Trap |
| 16:27 | Build | Fish Trap |
| 17:12 | Research | Gold Mining |
| 17:13 | Research | Gold Mining |
| 17:13 | Research | Stone Mining |
| 17:14 | Research | Stone Mining |
| 17:16 | Research | Padded Archer Armor |
| 17:16 | Research | Padded Archer Armor |
| 17:45 | Create | Transport Ship |
| 17:58 | Build | Fish Trap |
| 18:44 | Age | Castle Age |
| 18:45 | Create | Villager (Male) |
| 18:46 | Create | Villager (Male) |
| 18:50 | Build | Castle |
| 18:57 | Build | Town Center |
| 18:59 | Research | Bow Saw |
| 19:00 | Research | Gillnets |
| 19:12 | Create | Villager (Male) |
| 19:21 | Research | Bodkin Arrow |
| 19:26 | Build | Dock |
| 19:50 | Create | Villager (Male) |
| 19:59 | Create | Villager (Male) |
| 20:09 | Create | Villager (Male) |
| 20:13 | Build | Town Center |
| 20:21 | Create | Villager (Male) |
| 20:29 | Create | Villager (Male) |
| 20:37 | Build | Monastery |
| 20:50 | Build | Mining Camp |
| 20:51 | Create | Villager (Male) |
| 20:51 | Create | Villager (Male) |
| 21:02 | Build | Mining Camp |
| 21:03 | Create | Villager (Male) |
| 21:28 | Create | Villager (Male) |
| 21:29 | Create | Mangudai |
| 21:34 | Create | Monk |
| 21:43 | Create | Mangudai |
| 21:43 | Create | Mangudai |
| 21:44 | Create | Villager (Male) |
| 21:45 | Create | Villager (Male) |
| 21:48 | Create | Villager (Male) |
| 21:50 | Build | University |
| 21:55 | Create | Villager (Male) |
| 21:57 | Create | Fishing Ship |
| 22:10 | Build | Barracks |
| 22:17 | Create | Mangudai |
| 22:18 | Create | Villager (Male) |
| 22:46 | Create | Mangudai |
| 22:46 | Create | Mangudai |
| 22:53 | Create | Villager (Male) |
| 22:54 | Create | Villager (Male) |
| 22:54 | Create | Villager (Male) |
| 22:54 | Create | Villager (Male) |
| 22:57 | Research | Ballistics |
| 22:57 | Research | Ballistics |
| 22:59 | Create | Villager (Male) |
| 23:05 | Create | Mangudai |
| 23:05 | Create | Villager (Male) |
| 23:06 | Create | Fishing Ship |
| 23:06 | Create | Fishing Ship |
| 23:07 | Create | Fishing Ship |
| 23:07 | Create | Villager (Male) |
| 23:16 | Create | Mangudai |
| 23:26 | Build | Stable |
Build order — slapstickisfunny
First 150 of 286 actions detected
| 0:01 | Create | Villager (Male) ×4 |
| 0:01 | Create | Villager (Male) ×4 |
| 0:03 | Build | House |
| 0:05 | Build | House |
| 1:43 | Create | Villager (Male) |
| 1:46 | Build | Lumber Camp |
| 2:10 | Create | Villager (Male) |
| 2:33 | Create | Villager (Male) |
| 3:08 | Create | Villager (Male) |
| 3:38 | Create | Villager (Male) |
| 3:51 | Build | House |
| 4:05 | Create | Villager (Male) |
| 5:18 | Create | Villager (Male) |
| 5:37 | Build | Dock |
| 5:39 | Create | Villager (Male) |
| 5:40 | Create | Villager (Male) |
| 5:40 | Create | Villager (Male) |
| 5:40 | Create | Villager (Male) |
| 5:55 | Create | Villager (Male) |
| 5:55 | Create | Villager (Male) |
| 6:16 | Research | Loom |
| 6:31 | Create | Villager (Male) |
| 6:37 | Build | Palisade Gate |
| 7:13 | Create | Villager (Male) |
| 7:40 | Build | Barracks |
| 7:42 | Build | House |
| 8:01 | Create | Fishing Ship |
| 8:01 | Create | Fishing Ship |
| 8:09 | Build | House |
| 8:15 | Research | Feudal Age |
| 8:41 | Create | Villager (Male) |
| 8:49 | Build | House |
| 8:53 | Build | House |
| 9:05 | Build | Palisade Wall |
| 9:08 | Build | Palisade Wall |
| 9:21 | Create | Villager (Male) |
| 9:43 | Build | Mill |
| 9:51 | Create | Villager (Male) |
| 9:57 | Build | Palisade Wall |
| 10:25 | Age | Feudal Age |
| 10:52 | Create | Villager (Male) |
| 11:12 | Build | Archery Range |
| 11:18 | Create | Villager (Male) |
| 11:45 | Build | Mining Camp |
| 11:52 | Create | Villager (Male) |
| 12:11 | Create | Villager (Male) |
| 12:13 | Create | Archer |
| 12:42 | Create | Archer |
| 12:47 | Create | Fishing Ship |
| 13:17 | Create | Archer |
| 13:36 | Create | Archer |
| 13:39 | Create | Villager (Male) |
| 13:41 | Build | House |
| 13:45 | Build | House |
| 14:00 | Research | Double-Bit Axe |
| 14:06 | Create | Archer |
| 14:14 | Create | Villager (Male) |
| 16:49 | Create | Villager (Male) |
| 16:49 | Create | Villager (Male) |
| 16:50 | Create | Villager (Male) |
| 16:50 | Create | Villager (Male) |
| 16:56 | Build | Blacksmith |
| 17:45 | Create | Villager (Male) |
| 17:46 | Create | Archer |
| 17:46 | Create | Archer |
| 17:47 | Create | Archer |
| 17:47 | Create | Archer |
| 17:50 | Build | Stable |
| 17:51 | Research | Castle Age |
| 17:59 | Build | Archery Range |
| 18:00 | Build | House |
| 18:01 | Build | House |
| 18:10 | Research | Gold Mining |
| 18:13 | Research | Horse Collar |
| 18:20 | Build | Farm |
| 18:20 | Build | Farm |
| 18:20 | Build | Farm |
| 18:20 | Build | Farm |
| 18:21 | Build | Farm |
| 18:21 | Build | Farm |
| 18:21 | Build | Farm |
| 18:25 | Create | Fire Galley |
| 18:38 | Build | Palisade Gate |
| 18:51 | Build | Lumber Camp |
| 18:55 | Build | Lumber Camp |
| 19:01 | Create | Villager (Male) |
| 19:01 | Create | Villager (Male) |
| 19:01 | Create | Villager (Male) |
| 19:16 | Create | Fire Galley |
| 19:41 | Create | Archer |
| 19:42 | Create | Archer |
| 19:43 | Create | Archer |
| 20:03 | Research | Man-at-Arms (upgrade) |
| 20:14 | Research | Fletching |
| 20:33 | Age | Castle Age |
| 20:35 | Create | Villager (Male) |
| 20:41 | Research | Crossbowman (upgrade) |
| 21:30 | Create | Villager (Male) |
| 21:38 | Build | Town Center |
| 21:48 | Create | Villager (Male) |
| 22:04 | Create | Villager (Male) |
| 22:06 | Create | Archer |
| 22:06 | Create | Archer |
| 22:08 | Research | Thumb Ring |
| 23:10 | Create | Villager (Male) |
| 23:17 | Build | House |
| 23:18 | Build | House |
| 23:18 | Build | House |
| 23:20 | Build | House |
| 23:21 | Build | House |
| 23:21 | Create | Villager (Male) |
| 23:22 | Create | Villager (Male) |
| 23:22 | Create | Villager (Male) |
| 23:22 | Create | Villager (Male) |
| 23:25 | Create | Villager (Male) |
| 23:26 | Research | Bodkin Arrow |
| 24:10 | Create | Villager (Male) |
| 24:10 | Create | Villager (Male) |
| 24:11 | Create | Villager (Male) |
| 24:13 | Create | Villager (Male) |
| 24:13 | Create | Villager (Male) |
| 24:15 | Research | Heavy Plow |
| 24:17 | Research | Bow Saw |
| 24:22 | Build | Palisade Gate |
| 24:23 | Build | House |
| 24:25 | Create | Archer |
| 24:25 | Create | Archer |
| 24:25 | Create | Archer |
| 24:26 | Create | Archer |
| 24:26 | Create | Archer |
| 24:26 | Create | Archer |
| 24:46 | Build | University |
| 24:47 | Build | Monastery |
| 26:11 | Build | Farm |
| 26:13 | Build | Farm |
| 26:21 | Create | Villager (Male) |
| 26:21 | Create | Villager (Male) |
| 26:21 | Create | Villager (Male) |
| 26:24 | Create | Villager (Male) |
| 26:25 | Create | Villager (Male) |
| 26:25 | Create | Villager (Male) |
| 26:29 | Build | Mining Camp |
| 26:41 | Create | Militia |
| 26:42 | Create | Militia |
| 26:43 | Create | Militia |
| 26:45 | Build | Barracks |
| 26:51 | Create | Monk |
| 26:54 | Build | Farm |
| 27:07 | Create | Militia |
| 27:14 | Build | Farm |
Build order — Dekodie
First 150 of 605 actions detected
| 0:01 | Create | Villager (Male) |
| 0:02 | Create | Villager (Male) |
| 0:02 | Create | Villager (Male) |
| 0:02 | Create | Villager (Male) |
| 0:02 | Create | Villager (Male) |
| 0:04 | Build | House |
| 0:05 | Build | House |
| 1:33 | Create | Villager (Male) |
| 1:33 | Create | Villager (Male) |
| 1:57 | Build | Lumber Camp |
| 2:03 | Create | Villager (Male) |
| 2:04 | Create | Villager (Male) |
| 2:18 | Create | Villager (Male) |
| 2:18 | Create | Villager (Male) |
| 2:18 | Create | Villager (Male) |
| 2:53 | Create | Villager (Male) |
| 2:53 | Create | Villager (Male) |
| 3:34 | Create | Villager (Male) |
| 3:34 | Create | Villager (Male) |
| 3:40 | Build | Dock |
| 3:41 | Build | House |
| 3:59 | Create | Villager (Male) |
| 3:59 | Create | Villager (Male) |
| 4:16 | Create | Villager (Male) |
| 4:16 | Create | Villager (Male) |
| 4:28 | Create | Fishing Ship |
| 4:28 | Create | Fishing Ship |
| 4:52 | Create | Villager (Male) |
| 4:52 | Create | Villager (Male) |
| 4:52 | Create | Villager (Male) |
| 4:58 | Create | Fishing Ship |
| 5:04 | Build | House |
| 5:11 | Create | Villager (Male) |
| 5:11 | Create | Villager (Male) |
| 5:43 | Create | Fishing Ship |
| 5:43 | Create | Fishing Ship |
| 5:55 | Create | Villager (Male) |
| 5:55 | Create | Villager (Male) |
| 6:26 | Create | Fishing Ship |
| 6:26 | Create | Fishing Ship |
| 6:29 | Create | Villager (Male) |
| 6:41 | Create | Villager (Male) |
| 6:53 | Build | House |
| 6:57 | Research | Loom |
| 6:57 | Research | Loom |
| 7:17 | Create | Villager (Male) |
| 7:41 | Research | Feudal Age |
| 7:42 | Research | Feudal Age |
| 7:51 | Build | Lumber Camp |
| 8:04 | Create | Fishing Ship |
| 8:23 | Create | Villager (Male) |
| 8:39 | Create | Villager (Male) |
| 8:54 | Build | Barracks |
| 9:39 | Create | Villager (Male) |
| 9:49 | Age | Feudal Age |
| 9:51 | Create | Villager (Male) |
| 9:54 | Build | Stable |
| 9:56 | Research | Double-Bit Axe |
| 9:56 | Create | Villager (Male) |
| 10:00 | Create | Fishing Ship |
| 10:04 | Build | House |
| 10:13 | Create | Villager (Male) |
| 10:19 | Create | Villager (Male) |
| 10:37 | Create | Villager (Male) |
| 10:40 | Create | Scout Cavalry |
| 10:40 | Create | Scout Cavalry |
| 10:43 | Build | House |
| 10:52 | Create | Fishing Ship |
| 11:02 | Create | Villager (Male) |
| 11:11 | Create | Scout Cavalry |
| 11:16 | Build | House |
| 11:18 | Build | Mill |
| 11:26 | Create | Villager (Male) |
| 11:38 | Create | Scout Cavalry |
| 11:44 | Create | Fishing Ship |
| 11:49 | Build | House |
| 11:55 | Create | Scout Cavalry |
| 11:59 | Create | Villager (Male) |
| 12:04 | Build | Farm |
| 12:04 | Build | Farm |
| 12:04 | Build | Farm |
| 12:05 | Build | Farm |
| 12:05 | Build | Farm |
| 12:05 | Build | Farm |
| 12:05 | Build | Farm |
| 12:28 | Build | House |
| 12:29 | Create | Villager (Male) |
| 12:30 | Create | Villager (Male) |
| 12:30 | Create | Villager (Male) |
| 12:34 | Build | Farm |
| 12:43 | Create | Fishing Ship |
| 12:45 | Create | Villager (Male) |
| 12:46 | Create | Villager (Male) |
| 12:46 | Create | Villager (Male) |
| 13:06 | Build | Farm |
| 13:08 | Build | Farm |
| 13:15 | Create | Fishing Ship |
| 13:17 | Create | Villager (Male) |
| 13:35 | Build | Farm |
| 13:39 | Create | Villager (Male) |
| 13:41 | Create | Fishing Ship |
| 13:54 | Build | Farm |
| 14:02 | Build | Farm |
| 14:09 | Create | Villager (Male) |
| 14:35 | Build | Mining Camp |
| 14:36 | Create | Villager (Male) |
| 14:40 | Create | Scout Cavalry |
| 15:40 | Create | Villager (Male) |
| 15:42 | Create | Villager (Male) |
| 16:21 | Create | Villager (Male) |
| 16:26 | Build | Stable |
| 16:27 | Build | Stable |
| 17:19 | Build | Blacksmith |
| 17:21 | Create | Villager (Male) |
| 17:22 | Create | Villager (Male) |
| 17:25 | Create | Villager (Male) |
| 17:40 | Research | Castle Age |
| 17:40 | Research | Castle Age |
| 17:40 | Research | Castle Age |
| 17:51 | Build | Dock |
| 17:54 | Build | Dock |
| 17:56 | Create | Villager (Male) |
| 17:58 | Research | Horse Collar |
| 17:58 | Research | Gold Mining |
| 18:03 | Create | Villager (Male) |
| 18:34 | Create | Villager (Male) |
| 18:42 | Create | Villager (Male) |
| 18:57 | Create | Villager (Male) |
| 18:57 | Create | Villager (Male) |
| 19:02 | Create | Fishing Ship |
| 19:02 | Create | Fishing Ship |
| 19:03 | Create | Fishing Ship |
| 19:03 | Create | Fishing Ship |
| 19:03 | Create | Fishing Ship |
| 19:23 | Research | Bloodlines |
| 19:25 | Research | Forging |
| 19:26 | Research | Scale Barding Armor |
| 19:26 | Create | Villager (Male) |
| 19:35 | Research | Tech 906 |
| 19:40 | Build | House |
| 19:40 | Create | Villager (Male) |
| 19:41 | Create | Villager (Male) |
| 19:43 | Build | House |
| 20:09 | Age | Castle Age |
| 20:11 | Create | Knight |
| 20:11 | Create | Camel Scout |
| 20:11 | Create | Knight |
| 20:11 | Create | Camel Scout |
| 20:14 | Research | Iron Casting |
| 20:14 | Create | Villager (Male) |
Build order — 鱼儿长了鱼尾纹
First 150 of 285 actions detected
| 0:02 | Create | Villager (Male) |
| 0:02 | Create | Villager (Male) |
| 0:02 | Create | Villager (Male) |
| 0:02 | Create | Villager (Male) |
| 0:02 | Create | Villager (Male) |
| 0:04 | Build | House |
| 0:06 | Build | House |
| 1:31 | Create | Villager (Male) |
| 1:31 | Create | Villager (Male) |
| 1:32 | Create | Villager (Male) |
| 2:09 | Create | Villager (Male) |
| 2:09 | Create | Villager (Male) |
| 2:21 | Create | Villager (Male) |
| 2:21 | Create | Villager (Male) |
| 2:51 | Build | Lumber Camp |
| 2:53 | Create | Villager (Male) |
| 2:53 | Create | Villager (Male) |
| 3:01 | Create | Villager (Male) |
| 3:13 | Build | House |
| 3:55 | Create | Villager (Male) |
| 3:55 | Create | Villager (Male) |
| 3:55 | Create | Villager (Male) |
| 3:57 | Create | Villager (Male) |
| 3:57 | Create | Villager (Male) |
| 3:57 | Create | Villager (Male) |
| 4:26 | Create | Villager (Male) |
| 4:27 | Create | Villager (Male) |
| 4:27 | Create | Villager (Male) |
| 5:20 | Create | Villager (Male) |
| 5:20 | Create | Villager (Male) |
| 5:20 | Create | Villager (Male) |
| 5:20 | Create | Villager (Male) |
| 5:21 | Create | Villager (Male) |
| 5:32 | Create | Villager (Male) |
| 5:42 | Build | Dock |
| 6:36 | Research | Loom |
| 7:14 | Build | House |
| 7:18 | Build | House |
| 7:20 | Build | House |
| 7:30 | Create | Villager (Male) |
| 7:40 | Create | Fishing Ship |
| 7:40 | Create | Fishing Ship |
| 7:42 | Create | Fishing Ship |
| 8:00 | Create | Villager (Male) |
| 8:10 | Build | Palisade Wall |
| 8:15 | Build | Palisade Wall |
| 8:54 | Research | Feudal Age |
| 9:14 | Build | Palisade Wall |
| 10:00 | Build | Barracks |
| 10:58 | Build | Mining Camp |
| 11:04 | Age | Feudal Age |
| 11:09 | Create | Villager (Male) |
| 11:09 | Create | Villager (Male) |
| 11:17 | Build | Archery Range |
| 11:19 | Build | Palisade Wall |
| 12:00 | Build | Archery Range |
| 12:02 | Create | Villager (Male) |
| 12:03 | Create | Villager (Male) |
| 12:12 | Create | Archer |
| 12:19 | Build | Palisade Wall |
| 12:37 | Create | Villager (Male) |
| 12:39 | Create | Archer |
| 12:39 | Create | Archer |
| 12:39 | Create | Archer |
| 12:57 | Create | Villager (Male) |
| 13:04 | Create | Archer |
| 13:05 | Create | Archer |
| 13:16 | Build | Mill |
| 13:28 | Build | House |
| 13:36 | Create | Archer |
| 13:36 | Create | Archer |
| 13:37 | Create | Villager (Male) |
| 13:41 | Build | House |
| 14:00 | Build | House |
| 14:02 | Research | Double-Bit Axe |
| 14:06 | Create | Villager (Male) |
| 14:28 | Create | Archer |
| 14:28 | Create | Archer |
| 14:28 | Create | Archer |
| 14:43 | Build | House |
| 14:50 | Create | Villager (Male) |
| 15:11 | Create | Archer |
| 15:11 | Create | Archer |
| 15:11 | Create | Archer |
| 15:15 | Create | Spearman |
| 15:15 | Create | Spearman |
| 15:43 | Create | Villager (Male) |
| 15:47 | Create | Spearman |
| 15:48 | Create | Archer |
| 15:48 | Create | Archer |
| 15:49 | Create | Archer |
| 16:07 | Create | Skirmisher |
| 16:07 | Create | Skirmisher |
| 16:11 | Create | Spearman |
| 16:34 | Create | Archer |
| 16:34 | Create | Archer |
| 16:35 | Create | Villager (Male) |
| 16:35 | Create | Villager (Male) |
| 16:36 | Create | Villager (Male) |
| 16:43 | Build | Watch Tower |
| 16:54 | Build | House |
| 17:09 | Create | Villager (Male) |
| 17:09 | Create | Villager (Male) |
| 17:12 | Create | Spearman |
| 17:14 | Create | Skirmisher ×5 |
| 17:42 | Create | Villager (Male) |
| 17:42 | Create | Villager (Male) |
| 17:46 | Create | Fishing Ship |
| 17:47 | Create | Fishing Ship |
| 18:13 | Build | Mill |
| 18:19 | Create | Spearman |
| 18:19 | Create | Spearman |
| 18:28 | Build | House |
| 18:30 | Build | House |
| 18:44 | Create | Villager (Male) |
| 18:44 | Create | Villager (Male) |
| 19:02 | Create | Archer |
| 19:03 | Create | Archer |
| 19:03 | Create | Archer |
| 19:16 | Build | Palisade Wall |
| 19:21 | Build | House |
| 19:23 | Build | House |
| 19:25 | Build | House |
| 19:30 | Build | House |
| 19:38 | Create | Villager (Male) |
| 19:41 | Create | Archer |
| 19:59 | Create | Villager (Male) |
| 20:07 | Create | Archer |
| 20:07 | Create | Archer |
| 21:00 | Build | Market |
| 21:13 | Build | Blacksmith |
| 21:15 | Create | Villager (Male) |
| 21:54 | Research | Castle Age |
| 22:05 | Build | Building 487 |
| 22:08 | Build | House |
| 23:12 | Build | Palisade Gate |
| 23:17 | Build | Palisade Wall |
| 23:21 | Build | Palisade Wall |
| 24:34 | Age | Castle Age |
| 24:35 | Research | Crossbowman (upgrade) |
| 24:38 | Research | Fletching |
| 24:42 | Build | Archery Range |
| 25:11 | Create | Villager (Male) |
| 25:11 | Create | Villager (Male) |
| 25:25 | Create | Archer |
| 25:25 | Create | Archer |
| 25:25 | Create | Archer |
| 25:25 | Create | Archer |
| 25:35 | Build | Mining Camp |
| 25:51 | Create | Archer |
Build order — Alex
First 150 of 295 actions detected
| 0:02 | Create | Villager (Male) |
| 0:02 | Create | Villager (Male) |
| 0:03 | Create | Villager (Male) |
| 0:03 | Create | Villager (Male) |
| 0:03 | Create | Villager (Male) |
| 1:43 | Create | Villager (Male) |
| 1:43 | Create | Villager (Male) |
| 1:59 | Create | Villager (Male) |
| 1:59 | Create | Villager (Male) |
| 2:08 | Create | Villager (Male) |
| 2:08 | Create | Villager (Male) |
| 2:38 | Research | Loom |
| 2:40 | Create | Villager (Male) |
| 2:56 | Create | Villager (Male) |
| 2:56 | Create | Villager (Male) |
| 3:31 | Create | Villager (Male) |
| 3:31 | Create | Villager (Male) |
| 3:31 | Create | Villager (Male) |
| 4:05 | Build | Lumber Camp |
| 4:06 | Create | Villager (Male) |
| 4:06 | Create | Villager (Male) |
| 5:09 | Create | Villager (Male) |
| 5:09 | Create | Villager (Male) |
| 5:34 | Create | Villager (Male) |
| 5:34 | Create | Villager (Male) |
| 5:34 | Create | Villager (Male) |
| 5:34 | Create | Villager (Male) |
| 5:35 | Create | Villager (Male) |
| 6:00 | Create | Villager (Male) |
| 6:00 | Create | Villager (Male) |
| 6:00 | Create | Villager (Male) |
| 6:14 | Build | Dock |
| 7:05 | Create | Fishing Ship |
| 7:53 | Create | Fishing Ship |
| 8:04 | Create | Villager (Male) |
| 8:05 | Create | Villager (Male) |
| 8:14 | Build | Lumber Camp |
| 8:34 | Create | Fishing Ship |
| 8:57 | Create | Villager (Male) |
| 8:57 | Research | Feudal Age |
| 9:03 | Create | Fishing Ship |
| 9:30 | Build | Mining Camp |
| 10:27 | Create | Villager (Male) |
| 10:36 | Build | Barracks |
| 11:27 | Create | Villager (Male) |
| 11:44 | Age | Feudal Age |
| 11:48 | Build | Stable |
| 11:50 | Build | Blacksmith |
| 12:06 | Create | Fishing Ship |
| 13:06 | Build | Mill |
| 13:26 | Research | Castle Age |
| 13:54 | Create | Scout Cavalry |
| 14:36 | Create | Scout Cavalry |
| 15:34 | Research | Horse Collar |
| 16:02 | Build | Stable |
| 16:06 | Age | Castle Age |
| 16:10 | Create | Knight |
| 16:32 | Build | Town Center |
| 16:37 | Build | Farm |
| 16:38 | Build | Farm |
| 16:38 | Build | Farm |
| 16:49 | Build | Farm |
| 16:53 | Create | Knight |
| 16:56 | Research | Scale Barding Armor |
| 17:17 | Create | Knight |
| 17:32 | Build | Monastery |
| 17:34 | Create | Villager (Male) |
| 18:02 | Create | Villager (Male) |
| 18:03 | Create | Villager (Male) |
| 18:09 | Create | Knight |
| 18:12 | Create | Villager (Male) |
| 18:21 | Create | Monk |
| 18:37 | Create | Villager (Male) |
| 18:38 | Create | Villager (Male) |
| 19:02 | Create | Villager (Male) |
| 19:03 | Create | Villager (Male) |
| 19:16 | Build | Farm |
| 19:16 | Build | Farm |
| 19:17 | Build | Farm |
| 19:36 | Create | Knight |
| 19:36 | Create | Knight |
| 19:52 | Build | Farm |
| 20:09 | Create | Monk |
| 20:10 | Create | Villager (Male) |
| 20:11 | Create | Villager (Male) |
| 20:19 | Create | Knight |
| 20:28 | Build | Farm |
| 20:47 | Create | Villager (Male) |
| 20:48 | Create | Villager (Male) |
| 20:52 | Build | Farm |
| 21:00 | Create | Knight |
| 21:01 | Create | Knight |
| 21:14 | Create | Knight |
| 22:06 | Create | Villager (Male) |
| 22:07 | Create | Villager (Male) |
| 22:09 | Research | Wheelbarrow |
| 22:15 | Build | Farm |
| 22:15 | Build | Farm |
| 22:21 | Create | Villager (Male) |
| 22:55 | Create | Knight |
| 22:55 | Create | Knight |
| 23:19 | Create | Knight |
| 23:19 | Create | Knight |
| 23:38 | Create | Villager (Male) |
| 23:39 | Create | Villager (Male) |
| 23:39 | Create | Villager (Male) |
| 24:05 | Create | Villager (Male) |
| 24:06 | Create | Villager (Male) |
| 24:07 | Create | Knight |
| 24:07 | Create | Knight |
| 24:18 | Build | Farm |
| 24:18 | Build | Farm |
| 24:19 | Build | Farm |
| 24:19 | Build | Farm |
| 24:20 | Build | Farm |
| 24:41 | Create | Villager (Male) |
| 24:42 | Create | Villager (Male) |
| 24:43 | Create | Villager (Male) |
| 24:55 | Build | Farm |
| 24:56 | Build | Farm |
| 24:59 | Create | Knight |
| 25:00 | Create | Knight |
| 25:19 | Research | Forging |
| 25:26 | Research | Chain Barding Armor |
| 25:34 | Build | Farm |
| 26:05 | Create | Villager (Male) |
| 26:06 | Create | Villager (Male) |
| 26:12 | Build | Mining Camp |
| 26:14 | Research | Gold Mining |
| 26:58 | Create | Monk |
| 27:03 | Create | Knight |
| 27:04 | Create | Knight |
| 27:05 | Research | Bloodlines |
| 27:07 | Create | Villager (Male) |
| 27:07 | Create | Villager (Male) |
| 27:20 | Build | Town Center |
| 27:25 | Create | Knight |
| 27:25 | Create | Knight |
| 27:27 | Research | Forging |
| 27:32 | Build | Farm |
| 27:33 | Build | Farm |
| 27:34 | Build | Farm |
| 28:25 | Create | Villager (Male) |
| 28:26 | Create | Villager (Male) |
| 28:26 | Create | Villager (Male) |
| 28:27 | Create | Villager (Male) |
| 28:33 | Build | Farm |
| 28:33 | Build | Farm |
| 28:33 | Build | Farm |
| 28:34 | Build | Farm |
Match timeline
| 3:40 | Dekodie · first_building Dock |
| 4:17 | Charles V · wall_segment Palisade Wall x1 |
| 4:17 | sneakysquirrel · first_building Dock |
| 4:32 | vestiaire de foutre · first_building Dock |
| 5:37 | slapstickisfunny · first_building Dock |
| 5:42 | 鱼儿长了鱼尾纹 · first_building Dock |
| 5:49 | CurryandC4 · first_building Dock |
| 6:14 | Alex · first_building Dock |
| 6:37 | CurryandC4 · wall_segment Palisade Wall x1 |
| 7:15 | Charles V · first_building Barracks |
| 7:35 | Charles V · wall_segment Palisade Wall x6 |
| 7:40 | slapstickisfunny · first_building Barracks |
| 8:10 | 鱼儿长了鱼尾纹 · wall_segment Palisade Wall x9 |
| 8:15 | 鱼儿长了鱼尾纹 · wall_segment Palisade Wall x10 |
| 8:53 | Charles V · age_up feudal |
| 8:54 | Dekodie · first_building Barracks |
| 8:55 | Charles V · first_building Archery Range |
| 9:05 | slapstickisfunny · wall_segment Palisade Wall x9 |
| 9:08 | slapstickisfunny · wall_segment Palisade Wall x5 |
| 9:14 | 鱼儿长了鱼尾纹 · wall_segment Palisade Wall x7 |
| 9:16 | vestiaire de foutre · first_building Barracks |
| 9:47 | CurryandC4 · first_building Barracks |
| 9:49 | Dekodie · age_up feudal |
| 9:54 | Dekodie · first_building Stable |
| 9:57 | slapstickisfunny · wall_segment Palisade Wall x3 |
| 10:00 | 鱼儿长了鱼尾纹 · first_building Barracks |
| 10:02 | Charles V · wall_segment Palisade Wall x14 |
| 10:19 | sneakysquirrel · age_up feudal |
| 10:25 | slapstickisfunny · age_up feudal |
| 10:36 | Alex · first_building Barracks |
| 10:48 | vestiaire de foutre · age_up feudal |
| 10:52 | Charles V · wall_segment Palisade Wall x3 |
| 11:04 | 鱼儿长了鱼尾纹 · age_up feudal |
| 11:06 | vestiaire de foutre · first_building Stable |
| 11:12 | slapstickisfunny · first_building Archery Range |
| 11:17 | 鱼儿长了鱼尾纹 · first_building Archery Range |
| 11:19 | 鱼儿长了鱼尾纹 · wall_segment Palisade Wall x1 |
| 11:21 | CurryandC4 · age_up feudal |
| 11:40 | CurryandC4 · first_building Archery Range |
| 11:44 | Alex · age_up feudal |
| 11:48 | Alex · first_building Stable |
| 12:19 | 鱼儿长了鱼尾纹 · wall_segment Palisade Wall x6 |
| 14:40 | vestiaire de foutre · age_up castle |
| 15:29 | sneakysquirrel · first_market_buy 100 food |
| 15:59 | Charles V · wall_segment Palisade Wall x18 |
| 16:03 | sneakysquirrel · first_market_sell 100 wood |
| 16:06 | Alex · age_up castle |
| 16:38 | vestiaire de foutre · wall_segment Palisade Wall x3 |
| 16:41 | vestiaire de foutre · wall_segment Palisade Wall x6 |
| 17:32 | Alex · first_building Monastery |
| 17:33 | vestiaire de foutre · first_building Monastery |
| 17:50 | slapstickisfunny · first_building Stable |
| 18:02 | Charles V · wall_segment Palisade Wall x12 |
| 18:05 | Charles V · wall_segment Palisade Wall x1 |
| 18:08 | Charles V · wall_segment Palisade Wall x21 |
| 18:42 | vestiaire de foutre · wall_segment Palisade Wall x1 |
| 18:44 | sneakysquirrel · age_up castle |
| 18:45 | vestiaire de foutre · wall_segment Palisade Wall x3 |
| 18:50 | sneakysquirrel · first_building Castle |
| 19:16 | 鱼儿长了鱼尾纹 · wall_segment Palisade Wall x1 |
| 19:31 | Charles V · first_market_buy 100 food |
| 20:09 | Dekodie · age_up castle |
| 20:33 | slapstickisfunny · age_up castle |
| 20:37 | sneakysquirrel · first_building Monastery |
| 21:59 | CurryandC4 · age_up castle |
| 22:10 | sneakysquirrel · first_building Barracks |
| 22:12 | Charles V · age_up castle |
| 22:20 | Charles V · first_market_sell 100 food |
| 23:01 | CurryandC4 · first_market_sell 100 wood |
| 23:03 | CurryandC4 · first_market_buy 100 stone |
| 23:13 | Charles V · wall_segment Stone Wall x1 |
| 23:14 | Charles V · wall_segment Stone Wall x3 |
| 23:16 | Charles V · wall_segment Stone Wall x3 |
| 23:17 | 鱼儿长了鱼尾纹 · wall_segment Palisade Wall x1 |
| 23:17 | Charles V · wall_segment Stone Wall x1 |
| 23:21 | 鱼儿长了鱼尾纹 · wall_segment Palisade Wall x1 |
| 23:23 | Charles V · wall_segment Stone Wall x1 |
| 23:24 | Charles V · wall_segment Stone Wall x1 |
| 23:26 | sneakysquirrel · first_building Stable |
| 23:26 | Charles V · wall_segment Stone Wall x1 |
| 23:31 | Charles V · wall_segment Stone Wall x2 |
| 23:36 | Charles V · wall_segment Stone Wall x1 |
| 24:34 | 鱼儿长了鱼尾纹 · age_up castle |
| 24:47 | slapstickisfunny · first_building Monastery |
| 25:05 | sneakysquirrel · first_building Archery Range |
| 25:35 | Charles V · resign |
| 26:18 | 鱼儿长了鱼尾纹 · wall_segment Palisade Wall x1 |
| 27:02 | 鱼儿长了鱼尾纹 · wall_segment Palisade Wall x1 |
| 30:57 | Dekodie · first_building Monastery |
| 31:07 | CurryandC4 · first_building Castle |
| 31:13 | slapstickisfunny · first_building Siege Workshop |
| 31:35 | CurryandC4 · wall_segment Stone Wall x11 |
| 31:47 | CurryandC4 · wall_segment Stone Wall x6 |
| 31:55 | sneakysquirrel · first_building Siege Workshop |
| 32:42 | sneakysquirrel · age_up imperial |
| 32:47 | 鱼儿长了鱼尾纹 · first_building Siege Workshop |
| 34:24 | vestiaire de foutre · age_up imperial |
| 35:09 | Alex · first_building Archery Range |
| 35:16 | slapstickisfunny · first_building Castle |
| 35:25 | Dekodie · age_up imperial |
| 35:36 | 鱼儿长了鱼尾纹 · first_market_sell 100 food |
| 35:43 | 鱼儿长了鱼尾纹 · first_market_buy 100 stone |
| 35:55 | Dekodie · first_market_sell 100 food |
| 37:59 | vestiaire de foutre · first_building Castle |
| 39:54 | sneakysquirrel · tribute_sent a jugador 1 |
| 39:54 | sneakysquirrel · tribute_sent a jugador 2 |
| 39:54 | sneakysquirrel · tribute_sent a jugador 4 |
| 39:54 | sneakysquirrel · tribute_sent a jugador 5 |
| 39:54 | sneakysquirrel · tribute_sent a jugador 6 |
| 39:54 | sneakysquirrel · tribute_sent a jugador 7 |
| 39:54 | sneakysquirrel · tribute_sent a jugador 8 |
| 40:05 | Alex · age_up imperial |
[ AI ANALYSIS · 1 CREDIT ]
What really happened in this match?
Wolo.gg analyzes every decision: build order, eco, micro, common mistakes by bracket. Personalized analysis on WhatsApp or Discord in 30 seconds.
Civ guide
Lithuanians
Perfil
Jugador #1942448